 Dungeon Sprint DCSS version 0.28-a0-1236-gb25a51b929 (webtiles) character file.

Game seed: 11040142128449223537

14485 mhtbhm the Impaler (level 11, -3/119 HPs)
             Began as a Minotaur Fighter on Dec 25, 2021.
             Was an Initiate of Gozag.
             Slain by an orc warrior (8 damage)
             ... in the Dungeon (Sprint IX: "|||||||||||||||||||||||||||||").
             The game lasted 00:06:44 (3979 turns).

mhtbhm the Impaler (Minotaur Fighter)               Turns: 3979, Time: 00:06:44

Health: -3/119     AC: 18    Str: 24    XL:     11   Next: 89%
Magic:  10/10      EV: 12    Int:  5    God:    Gozag
Gold:   5140       SH:  7    Dex: 11    Spells: 10/10 levels left

rFire   + . .      SeeInvis .   a - +0 trident
rCold   . . .      Faith    .   c - +0 buckler
rNeg    . . .      Spirit   .   b - +1 chain mail {rF+}
rPois   .          Reflect  .   (helmet restricted)
rElec   .          Harm     .   (no cloak)
rCorr   .          Rampage  .   q - +0 pair of gloves
Will    .....      NoTele   +   r - +0 pair of boots
Stlth   ..........              (no amulet)
HPRegen 0.29/turn               (no ring)
MPRegen 0.12/turn               (no ring)

@: no status effects
A: horns 2, retaliatory headbutt
a: Renounce Religion, Potion Petition, Call Merchant, Bribe Branch


You were in the Dungeon.
You worshipped Gozag.
Gozag was greatly pleased with you.
You visited 1 branch You collected 6042 gold pieces.
You paid 902 gold pieces to Gozag.

Inventory:

Hand Weapons
 a - a +0 trident (weapon)
Armour
 b - a +1 chain mail of fire resistance (worn)
 c - a +0 buckler (worn)
 q - a +0 pair of gloves (worn)
 r - a +0 pair of boots (worn)
Jewellery
 m - a +3 ring of dexterity
 n - a +3 ring of strength
Wands
 l - a wand of iceblast (17)
Scrolls
 j - 3 scrolls of blinking
 k - 2 scrolls of amnesia
 p - 4 scrolls of enchant armour
Potions
 e - 4 potions of curing
 f - a potion of resistance
 g - a potion of haste
 h - 4 potions of magic
 i - a potion of heal wounds
 o - 3 potions of berserk rage


   Skills:
 + Level 18.2 Fighting
 + Level 19.0 Polearms
 + Level 0.7 Throwing
 + Level 17.3 Armour
 + Level 8.9 Dodging
 + Level 5.4 Stealth
 + Level 14.3 Shields
 + Level 1.9 Evocations


You had 10 spell levels left.
You didn't know any spells.
Your spell library was empty.

Dungeon Overview and Level Annotations

Branches:
Dungeon (1/1)

Altars:
Cheibriados
Dithmenos
Elyvilon
Fedhas
Gozag
Hepliaklqana
Kikubaaqudgha
Makhleb
Nemelex Xobeh
Okawaru
Qazlal
Ru
Sif Muna
Trog
Uskayaw
Vehumet
Wu Jian
Xom
Yredelemnul
Zin
The Shining One
Beogh
Jiyva
Lugonu


Innate Abilities, Weirdness & Mutations

You have a pair of horns on your head.
You reflexively headbutt those who attack you in melee.


Message History

The orc warrior is heavily wounded.
You hit the orc warrior but do no damage.
The orc warrior is severely wounded.
You hit the orc warrior.
The orc warrior is severely wounded.
You block the orc warrior's attack.
You hit the orc warrior but do no damage.
You headbutt the orc warrior!
You kill the orc warrior!
Your Polearms skill increases to level 19!
Unknown command.
Throw: dart (curare)
Press: ? - help, Q - select action, (/) - cycle Shift-Dir - straight line, f - orc warrior
Aim: an orc warrior, wielding a +0 dire flail and wearing a +0 plate armour (strong, 66% to hit)
You throw a curare-tipped dart.
The curare-tipped dart closely misses the orc warrior.
You hit the orc warrior but do no damage.
The orc warrior completely misses you.
You hit the orc warrior but do no damage.
You barely miss the orc warrior.
The orc warrior hits you but does no damage.
You completely miss the orc warrior. The orc warrior barely misses you.
You furiously retaliate!
You headbutt the orc warrior, but do no damage.
You completely miss the orc warrior. Your headbutt misses the orc warrior.
You puncture the orc warrior!
The orc warrior is moderately wounded.
The orc warrior hits you with a +0 dire flail!!
* * * LOW HITPOINT WARNING * * *
You hit the orc warrior but do no damage.
The orc warrior is moderately wounded.
You hit the orc warrior.
You headbutt the orc warrior, but do no damage.
The orc warrior is heavily wounded.
You block the orc warrior's attack.
You barely miss the orc warrior. You headbutt the orc warrior!
The orc warrior is severely wounded.
The orc warrior hits you with a +0 dire flail!
You die...
Your body crumbles into a pile of gold.

▓.▓)▓.▓.▓÷▓
▓.▓.▓.▓.▓.▓
▓.▓.▓'▓.▓.▓
▓.▓.▓.▓.▓.▓
▓.▓)▓.▓.▓.▓
▓.▓.▓.▓.▓)▓
▓.▓.▓.▓.▓.▓
▓$▓.▓.▓.▓.▓
▓@▓.▓.▓.▓.▓
▓o▓.▓)▓.▓.▓
▓(▓.▓[▓.▓.▓
▓.▓.▓.▓.▓'▓
▓)▓.▓.▓.▓_▓
▓.▓)▓.▓.▓_▓
▓.▓)▓.▓.▓_▓
▓.▓.▓.▓.▓_▓
▓.▓.▓'▓)▓_▓


You could see an orc warrior (strong).

Vanquished Creatures
  2 hydras (D)
  4 centaur warriors (D)
  4 death yaks (D)
  2 orc high priests (D)
  Sonja (D)
  4 orc knights (D)
  2 elephants (D)
  3 komodo dragons (D)
  2 cane toads (D)
  2 trolls (D)
  A hornet (D)
  5 yaks (D)
  A wraith (D)
  A basilisk (D)
  4 water moccasins (D)
  6 orc warriors (D)
  A black bear (D)
  An ogre (D)
  3 bullfrogs (D)
  A killer bee (D)
  2 hounds (D)
  5 orc priests (D)
  An orc wizard (D)
  An adder zombie (D)
  5 orcs (D)
  A bat (D)
  A jackal (D)
  A kobold (D)
  A quokka (D)
  2 ball python zombies (D)
  A frilled lizard (D)
  A rat (D)
72 creatures vanquished.

Notes
Turn   | Place    | Note
-------+----------+-------------------------------------------
     0 | D        | mhtbhm the Minotaur Fighter began the quest for the Orb.
     0 | D        | Reached XP level 1. HP: 19/19 MP: 0/0
     9 | D        | Reached skill level 3 in Polearms
    81 | D        | Noticed a hound
    81 | D        | Noticed an ogre
    81 | D        | Noticed a hound
    83 | D        | Killed a hound
    84 | D        | Reached skill level 5 in Fighting
    84 | D        | Reached skill level 5 in Armour
    84 | D        | Reached skill level 5 in Shields
    84 | D        | Reached XP level 2. HP: 29/30 MP: 1/1
    84 | D        | Reached XP level 3. HP: 36/37 MP: 2/2
    87 | D        | Killed an ogre
    88 | D        | Reached skill level 5 in Polearms
    88 | D        | Reached XP level 4. HP: 18/47 MP: 3/3
    89 | D        | Reached XP level 5. HP: 20/53 MP: 4/4
    92 | D        | Reached skill level 6 in Polearms
   289 | D        | Found a snail-covered altar of Cheibriados.
   289 | D        | Found a shadowy altar of Dithmenos.
   289 | D        | Found a white marble altar of Elyvilon.
   289 | D        | Found a blossoming altar of Fedhas.
   289 | D        | Found an opulent altar of Gozag.
   290 | D        | Found a hazy altar of Hepliaklqana.
   291 | D        | Found a viscous altar of Jiyva.
   292 | D        | Found an ancient bone altar of Kikubaaqudgha.
   293 | D        | Found a corrupted altar of Lugonu.
   294 | D        | Found a burning altar of Makhleb.
   295 | D        | Found a sparkling altar of Nemelex Xobeh.
   296 | D        | Found an iron altar of Okawaru.
   297 | D        | Found a stormy altar of Qazlal.
   298 | D        | Found a sacrificial altar of Ru.
   299 | D        | Found a shimmering blue altar of Sif Muna.
   300 | D        | Found a bloodstained altar of Trog.
   301 | D        | Found a hide-covered altar of Uskayaw.
   302 | D        | Found a radiant altar of Vehumet.
   303 | D        | Found an ornate altar of the Wu Jian Council.
   304 | D        | Found a shimmering altar of Xom.
   313 | D        | Became a worshipper of Gozag Ym Sagoz the Greedy
   322 | D        | Found a basalt altar of Yredelemnul.
   323 | D        | Found a glowing silver altar of Zin.
   324 | D        | Found a glowing golden altar of the Shining One.
   348 | D        | Noticed a troll
   348 | D        | Noticed a troll
   348 | D        | Noticed a hornet
   358 | D        | Killed a troll
   359 | D        | Reached skill level 8 in Polearms
   359 | D        | Reached skill level 1 in Dodging
   359 | D        | Reached XP level 6. HP: 34/66 MP: 5/5
   368 | D        | Killed a troll
   369 | D        | Reached skill level 10 in Fighting
   369 | D        | Reached skill level 9 in Polearms
   369 | D        | Reached skill level 10 in Armour
   369 | D        | Reached XP level 7. HP: 38/73 MP: 6/6
   377 | D        | Killed a hornet
   378 | D        | Reached skill level 10 in Polearms
   378 | D        | Reached skill level 1 in Stealth
   548 | D        | Noticed a centaur warrior
   548 | D        | Noticed a wraith
   548 | D        | Noticed a centaur warrior
   548 | D        | Noticed a centaur warrior
   548 | D        | Noticed a centaur warrior
   548 | D        | Noticed a basilisk
   555 | D        | Killed a centaur warrior
   556 | D        | Reached skill level 11 in Polearms
   556 | D        | Reached skill level 10 in Shields
   556 | D        | Reached XP level 8. HP: 55/83 MP: 7/7
   563 | D        | Reached skill level 12 in Polearms
   569 | D        | Killed a centaur warrior
   570 | D        | Reached skill level 13 in Polearms
   570 | D        | Reached XP level 9. HP: 22/92 MP: 8/8
   574 | D        | Killed a centaur warrior
   575 | D        | Reached skill level 14 in Polearms
   587 | D        | Killed a centaur warrior
   588 | D        | Reached skill level 5 in Dodging
   593 | D        | Reached skill level 15 in Polearms
   923 | D        | Noticed Sonja
   927 | D        | Killed Sonja
   928 | D        | Reached XP level 10. HP: 103/103 MP: 9/9
   989 | D        | Noticed a five-headed hydra
   989 | D        | Noticed a cane toad
   994 | D        | Noticed an elephant
   999 | D        | Killed a five-headed hydra
  1000 | D        | Reached skill level 16 in Polearms
  1307 | D        | Killed a cane toad
  1316 | D        | Reached skill level 1 in Evocations
  1338 | D        | Killed an elephant
  1339 | D        | Reached skill level 15 in Fighting
  1572 | D        | Noticed an eight-headed hydra
  1573 | D        | Noticed an elephant
  1885 | D        | Killed an eight-headed hydra
  1896 | D        | Reached skill level 15 in Armour
  1908 | D        | Reached skill level 17 in Polearms
  1919 | D        | Killed an elephant
  2134 | D        | Reached XP level 11. HP: 107/114 MP: 10/10
  2177 | D        | Noticed a death yak
  2177 | D        | Noticed a death yak
  2177 | D        | Noticed a death yak
  2182 | D        | Noticed a death yak
  2184 | D        | Killed a death yak
  2201 | D        | Killed a death yak
  2210 | D        | Killed a death yak
  2211 | D        | Reached skill level 5 in Stealth
  2490 | D        | Killed a death yak
  2491 | D        | Reached skill level 18 in Polearms
  2701 | D        | Noticed an orc knight
  2932 | D        | Killed an orc knight
  3284 | D        | Noticed an orc high priest
  3284 | D        | Noticed an orc knight
  3284 | D        | Noticed an orc high priest
  3292 | D        | Noticed an orc knight
  3302 | D        | Killed an orc high priest
  3306 | D        | Noticed a sixfirhy
  3389 | D        | Killed an orc knight
  3757 | D        | Killed an orc high priest
  3941 | D        | Noticed an orc knight
  3943 | D        | Killed an orc knight
  3963 | D        | Killed an orc knight
  3970 | D        | Reached skill level 19 in Polearms
  3976 | D        | HP: 5/119 [orc warrior (31)]
  3979 | D        | Slain by an orc warrior

Illustrated notes

Levels and vault maps discovered:
D:        linesprint [early_d, line_temple, items_1, d_10, items_2, lair_1,
          lair_end, items_3, orc_1, orc_end, items_4, d_15, swamp_1, shoals_1,
          snake_1, spider_1, d_20, vaults_1, items_5, swamp_end, shoals_end,
          snake_end, spider_end, vaults_end, d_27, items_6, zot_1, zot_end,
          crypt_end, forest_end, elf_end, slime_end, tomb_end, abyss_end,
          pan_hell_end]

Skill      XL: |  1  2  3  4  5  6  7  8  9 10 11 |
---------------+----------------------------------+-----
Fighting       | 5 7 9 10 12 14 15 18 | 18.2
Polearms       | 3 5 8 9 11 13 15 17 19 | 19.0
Shields        | 5 6 7 8 9 10 11 12 14 | 14.3
Armour         | 5 6 7 9 10 11 12 13 15 17 | 17.3
Dodging        | 1 3 4 5 7 8 |  8.9
Stealth        | 2 3 4 5 |  5.4
Evocations     | 1 |  1.9
Throwing       | |  0.7

Action                   |  1- 3 |  4- 6 |  7- 9 | 10-12 || total
-------------------------+-------+-------+-------+-------++-------
Melee: Trident           |    12 |    19 |    48 |   373 ||   452
       Headbutt          |       |     7 |    11 |    99 ||   117
Throw: Dart              |       |       |       |     6 ||     6
Invok: Potion Petition   |       |       |       |     3 ||     3
Evoke: Wand              |       |       |     2 |       ||     2
  Use: Potion            |     1 |     3 |     4 |     1 ||     9
       Scroll            |       |       |       |     2 ||     2
 Stab: Invisible         |       |     1 |     1 |       ||     2
       Distracted        |       |       |       |     1 ||     1
Armor: Scale mail        |     3 |     9 |    27 |    27 ||    66
       Chain mail        |       |       |       |    13 ||    13
Dodge: Dodged            |     6 |    17 |    22 |    70 ||   115
Block: Buckler           |       |     6 |    17 |    68 ||    91

Table legend: (Time is in decaauts)
 A = Elapsed time spent in this place.
 B = Non-inter-level travel time spent in this place.
 C = Inter-level travel time spent in this place.
 D = Time resting spent in this place.
 E = Time spent auto-exploring this place.
 F = Levels seen in this place.
 G = Mean time per level.
                   A        B        C        D        E       F      G
               +--------+--------+--------+--------+--------+-----+--------+
         Total |   3850 |   3850 |      0 |   2610 |    291 |   1 | 3850.0 |
       Dungeon |   3850 |   3850 |      0 |   2610 |    291 |   1 | 3850.0 |
               +--------+--------+--------+--------+--------+-----+--------+

Top non-repeatable levels by time:
       D: 3850 daAuts
